 Dungeon Crawl Stone Soup version 0.25-a0-549-g6e6e6501ad (webtiles) character file.

Game seed: 17611122050139178235, levelgen mode: deterministic

23 Forecaster the Magician (level 2, 0/24 HPs)
             Began as a Naga Wizard on Feb 23, 2020.
             Slain by an adder (4 damage)
             ... on level 2 of the Dungeon.
             The game lasted 00:05:21 (1234 turns).

Forecaster the Magician (Naga Wizard)               Turns: 1234, Time: 00:05:21

Health: 0/24       AC:  1    Str:  9    XL:     2   Next: 95%
Magic:  0/6        EV: 10    Int: 18    God:
Gold:   36         SH:  0    Dex:  9    Spells: 3/8 levels left

rFire    . . .     SeeInvis +   t - +0 dagger
rCold    . . .     Gourm    .   (no shield)
rNeg     . . .     Faith    .   a - +0 robe
rPois    +         Spirit   .   b - +0 hat
rElec    .         Reflect  .   (no cloak)
rCorr    .         Harm     .   (no gloves)
MR       .....                  (no barding)
Stlth    ++........             (no amulet)
HPRegen  0.08/turn              (no ring)
MPRegen  0.10/turn              (no ring)

@: lethally poisoned (0 -> -5), very slow
A: large, see invisible, deformed body, poison resistance, slowness 2, slow
metabolism 1, spit poison 1, AC +0
a: Spit Poison


You were on level 2 of the Dungeon.
You were not hungry.

You visited 1 branch of the dungeon, and saw 2 of its levels.

You collected 36 gold pieces.

Inventory:

Hand Weapons
 g - a +0 spear
 h - a +0 spear
 t - a +0 dagger (weapon)
Missiles
 m - 45 arrows
 p - 36 sling bullets
 u - 10 stones (quivered)
Armour
 a - a +0 robe (worn)
 b - a +0 hat (worn)
 o - a +0 ring mail of poison resistance
Scrolls
 c - 2 scrolls of identify {unknown}
 e - a scroll of blinking {unknown}
 i - a scroll of magic mapping {unknown}
 j - 4 scrolls of remove curse {unknown}
 k - a scroll of amnesia {unknown}
 l - a scroll of teleportation {unknown}
 q - 2 scrolls of enchant weapon {unknown}
 r - a scroll of noise {unknown}
 s - a scroll of immolation {unknown}
Potions
 f - a potion of magic {unknown}
 n - 2 potions of degeneration {unknown}
 v - a potion of mutation {unknown}
Comestibles
 d - 5 rations


   Skills:
 + Level 0.5 Fighting
 + Level 0.2 Short Blades
 + Level 1.5 Dodging
 + Level 3.1 Stealth
 + Level 3.6 Spellcasting
 + Level 1.2 Conjurations
 + Level 1.0 Summonings
 + Level 1.0 Translocations


You had 3 spell levels left.
You knew the following spells:

 Your Spells              Type           Power        Failure   Level  Hunger
a - Magic Dart            Conj           #...         10%         1    None
b - Call Imp              Summ           #.......     16%         2    ##.....
c - Blink                 Tloc           N/A          16%         2    ##.....

Your spell library contained the following spells:

 Spells                   Type           Power        Failure   Level  Hunger
 Slow                     Hex            #.......     24%         2    ##.....
 Conjure Flame            Conj/Fire      #.......     34%         3    ###....
 Mephitic Cloud           Conj/Pois/Air  #.......     36%         3    ###....


Dungeon Overview and Level Annotations

Branches:
Dungeon (2/15)

Altars:


Innate Abilities, Weirdness & Mutations

You cannot wear boots.
Your serpentine skin is tough. (AC +0)
You have supernaturally acute eyesight. (SInv)
Armour fits poorly on your strangely shaped body.
Your system is resistant to poisons. (rPois)
You cover ground very slowly.
You have a slow metabolism.
You can spit poison.


Message History

The adder bites you.
* * * LOW HITPOINT WARNING * * *
Casting: Call Imp (safe; 16% risk of failure)
Confirm with . or Enter, or press ? or * to list all spells.
Aiming: Magic Dart (safe; 10% risk of failure)
Press: ? - help, Shift-Dir - straight line, f/p - adder
Aim: an adder (heavily wounded)
The magic dart hits the adder.
The adder is almost dead.
The adder barely misses you.
Casting: Magic Dart (safe; 10% risk of failure)
Confirm with . or Enter, or press ? or * to list all spells.
Aiming: Magic Dart (safe; 10% risk of failure)
Press: ? - help, Shift-Dir - straight line, f/p - adder
Aim: an adder (almost dead)
The magic dart hits the adder but does no damage.
The adder is almost dead.
* * * LOW HITPOINT WARNING * * *
You feel sick. The adder bites you.
You die...

....... ###..# #. .....
....# #. . #...
####.######.
...#.###'#####...........
.........(...#.##.######.
......##.###..†...# #.
..... #.# #.......... ##
......##.###..........
#..†.S@.............
#..#)#.###.......... #
#?..# #.....###### ##..#
#.#.### #..# #.#.# ..>#
####


You could see an adder.

Vanquished Creatures
  A dart slug (D:1)
  A leopard gecko (D:2)
  A ball python (D:2)
  A bat (D:1)
  A giant cockroach (D:1)
  2 hobgoblins
  3 kobolds
  A frilled lizard (D:1)
  4 rats
15 creatures vanquished.

Vanquished Creatures (collateral kills)
  A giant cockroach (D:2)
  A goblin (D:1)
  2 kobolds
  A rat (D:1)
5 creatures vanquished.

Grand Total: 20 creatures vanquished

Notes
Turn   | Place    | Note
-------+----------+-------------------------------------------
     0 | D:1      | Forecaster the Naga Wizard began the quest for the Orb.
     0 | D:1      | Reached XP level 1. HP: 15/15 MP: 4/4
   507 | D:1      | Reached XP level 2. HP: 22/22 MP: 1/6
   511 | D:1      | Learned a level 2 spell: Call Imp
   514 | D:1      | Learned a level 2 spell: Blink
  1234 | D:2      | Slain by an adder

Levels and vault maps discovered:
D:1:      minmay_arrival_four_circles, layout_rooms, roderic_lattice_a,
          minmay_cut_off
D:2:      layout_basic

Action                   || total
-------------------------++-------
Melee: Spear             ||    16
       Dagger            ||    18
 Cast: Magic Dart        ||    31
       Call Imp          ||     6
 Stab: Sleeping          ||     1
Armor: Robe              ||     5
Dodge: Dodged            ||    25

Table legend:
 A = Non-vault XP
 B = Vault XP
 C = Vault XP percentage of total XP
 D = Non-vault monster count
 E = Vault monster count
 F = Vault count percentage of total count
                 A         B        C        D         E       F
            +---------+---------+-------+---------+---------+-------
      Total |      29 |       4 |  12.1 |      17 |       3 |  15.0
            +---------+---------+-------+---------+---------+-------
        D:1 |      17 |       4 |  19.0 |       9 |       3 |  25.0
        D:2 |      12 |       0 |   0.0 |       8 |       0 |   0.0
            +---------+---------+-------+---------+---------+-------
